[Event "Stare Mesto Open-A 2022"]
[Site "Stare Mesto"]
[Date "2022.08.13"]
[Round "2.2"]
[White "Cerveny, Martin"]
[Black "Kostka, Vit"]
[Result "1-0"]
[ECO "D41"]
[WhiteElo "2396"]
[BlackElo "2168"]
[Annotator "TA"]
[PlyCount "109"]
[EventDate "2022.08.12"]
[EventType "swiss"]
[EventCountry "CZE"]
[SourceTitle "playchess.com"]
[Source "ChessBase"]
[SourceQuality "1"]
[TimeControl "40/5400+30:1800+30"]

1. d4 Nf6 2. Nf3 d5 3. c4 e6 4. Nc3 c5 5. cxd5 cxd4 6. Qa4+ Bd7 7. Qxd4 exd5 8. Bg5 Nc6 {[%emt 0:04:06][%cal Bb8c6,Bc6d4,Bd4f3][%mdl 32] D41: Queen's Gambit Declined: Semi-Tarrasch with 5 cxd5.} 9. Bxf6 (9. Qd3 {is more complex.} Be6 10. e3 h6 11. Bh4) 9... Nxd4 10. Bxd8 Nxf3+ {[%emt 0:22:12] The position is equal.} ({Much less strong is} 10... Nc2+ 11. Kd2 Nxa1 12. Bh4 $16) 11. gxf3 {[%emt 0:09:19] aiming for Bc7.} Rxd8 12. Nxd5 Bc6 13. Nc3 Bb4 {[%emt 0:02:38] [#]} 14. Rc1 $146 ({Predecessor:} 14. Rg1 O-O 15. Rg4 a5 16. a3 Bd6 17. Rd1 Be5 18. h3 f5 19. Rc4 Rxd1+ 20. Nxd1 {1-0 (48) Basso,P (2439)-Louis,T (2250) Paris 2015}) 14... O-O 15. Bg2 Rfe8 16. a3 Bxc3+ 17. Rxc3 Rd6 18. Re3 Rxe3 19. fxe3 $11 {[%emt 0:00:26][%mdl 4096] Endgame KRB-KRB} f5 20. h4 Kf7 21. b4 Bb5 22. f4 $1 Ra6 23. Bxb7 Rxa3 24. Kf2 Ra4 25. Bd5+ Kf6 26. Rb1 h6 27. h5 a6 28. Rb2 Ke7 (28... Be8 $14) 29. Bf3 (29. e4 $1 $16 ) 29... Be8 $14 30. Rb3 Bf7 31. Rb1 Be8 32. Rb2 Bb5 ({Black should play} 32... Kf6 $14) 33. e4 $16 fxe4 34. Bxe4 Ke6 35. Bf3 Kf5 36. Kg3 Kf6 37. e4 Ra3 38. Kf2 Bd3 39. Rd2 Rc3 40. Bg2 Rb3 41. Bf3 (41. e5+ $142 Kf5 42. Bd5) 41... Rc3 $1 42. Rd1 Rb3 43. Bg2 Rb2+ $2 {[%emt 0:00:00] [#] A mistake that costs the game.} (43... Ke7 $1 $14) 44. Ke3 $1 $18 Bb5 45. e5+ Ke7 46. Bd5 Rxb4 $2 (46... Re2+ 47. Kf3 Rc2) 47. Rg1 Kf8 {[%emt 0:00:00] [#]} 48. Rc1 $1 Be8 49. Rc8 {[%emt 0:00:00] Hoping for Bc6.} Rb6 {[%emt 0:00:00] Against Bc6} 50. f5 Ke7 51. Rc7+ Kf8 52. e6 {[%emt 0:00:00][%csl Gc7][%cal Re6e7] White mates.} Bxh5 53. Kd4 a5 54. Kc5 Ra6 55. Bb7 {[%emt 0:00:00] Weighted Error Value: White=0.06 (flawless) /Black=0.35} 1-0

[Event "Stare Mesto Open-A 2022"]
[Site "Stare Mesto"]
[Date "2022.08.13"]
[Round "2.3"]
[White "Sramek, Vojtech"]
[Black "Mojzis, Jaroslav"]
[Result "1/2-1/2"]
[ECO "C54"]
[WhiteElo "2249"]
[BlackElo "2108"]
[Annotator "TA"]
[PlyCount "85"]
[EventDate "2022.08.12"]
[EventType "swiss"]
[EventCountry "CZE"]
[SourceTitle "playchess.com"]
[Source "ChessBase"]
[SourceQuality "1"]
[TimeControl "40/5400+30:1800+30"]

1. e4 e5 2. Nf3 Nc6 3. Bc4 Bc5 4. c3 Nf6 5. d3 O-O 6. O-O d5 7. exd5 Nxd5 8. a4 {[%emt 0:00:49] C54: Giuoco Piano: 4 c3 Nf6, main lines with 5 d4 and 5 d3.} a5 9. Nbd2 Bg4 10. Ne4 {[%emt 0:00:54] White is slightly better.} Be7 11. h3 Bh5 12. Ng3 Bg6 13. Re1 Nb6 14. Bb5 Bd6 {[%emt 0:08:08] [#]} 15. Bxc6 $146 (15. Be3 {is more complex.} Nd5 16. Bg5 f6 17. Bd2) ({Predecessor:} 15. Bg5 f6 16. Be3 Nd5 17. Bd2 Bc5 18. Nh4 Bf7 19. Nhf5 Nde7 20. Qg4 Nxf5 21. Nxf5 {1-0 (45) Andriasian,Z (2586)-Sanal,V (2510) Chess.com INT 2018}) 15... bxc6 16. Nxe5 Bxe5 17. Rxe5 Qxd3 18. Qxd3 Bxd3 19. Rc5 Rfe8 20. Bf4 Nd5 21. Bd2 Reb8 22. c4 Rxb2 23. cxd5 Rxd2 24. Rxc6 {[%emt 0:01:18] d6 is the strong threat.} Rc2 {[%emt 0:03:40] [#]} (24... Bg6 $11) 25. Rc1 $1 $16 Rxc1+ 26. Rxc1 {[%emt 0:00:10][%mdl 4096] Endgame KRB-KRN} Rc8 27. Rc5 (27. d6 $16) 27... Kf8 $1 $14 28. Rxa5 (28. d6 $5) 28... Ke7 $1 29. Nf1 Rb8 {[%emt 0:04:15] And now ...Rb1 would win.} 30. Ne3 Rb1+ 31. Kh2 Rb2 32. Kg3 Kd6 33. Ra8 f5 34. Rf8 g6 35. f4 Ra2 {[%emt 0:02:08][%mdl 1024] Black has compensation.} 36. Rf6+ Kc5 {[%emt 0:05:33] White must now prevent ...Be4.} 37. Rc6+ Kd4 38. Nd1 Be4 39. Nf2 $1 Bxd5 40. Rxc7 h5 41. h4 {[%emt 0:02:01] [#]} (41. Rg7 $11 {remains equal.}) 41... Ra3+ ({Not} 41... Rxa4 42. Rc2 $15 (42. Rd7 Ra2 $17)) ({Better is} 41... g5 $1 $17 42. hxg5 h4+ 43. Kxh4 Rxf2) 42. Kh2 $11 Rxa4 43. Rc2 {Weighted Error Value: White=0.11 (very precise) /Black=0.13 (very precise)} 1/2-1/2

[Event "Stare Mesto Open-A 2022"]
[Site "Stare Mesto"]
[Date "2022.08.13"]
[Round "2.4"]
[White "Vaculik, Martin"]
[Black "Babula, Vlastimil"]
[Result "0-1"]
[ECO "D11"]
[WhiteElo "2284"]
[BlackElo "2571"]
[Annotator "TA"]
[PlyCount "76"]
[EventDate "2022.08.12"]
[EventType "swiss"]
[EventCountry "CZE"]
[SourceTitle "playchess.com"]
[Source "ChessBase"]
[SourceQuality "1"]
[TimeControl "40/5400+30:1800+30"]

1. d4 d5 2. c4 c6 3. Nf3 Nf6 4. e3 e6 5. Bd3 Nbd7 6. Nbd2 dxc4 7. Nxc4 b5 8. Nce5 {[%emt 0:01:02] D30: Queen's Gambit Declined: Systems without Nc3.} c5 $5 {[%emt 0:05:29][%mdl 4] [#] A promising side line.} (8... Bb7 $14) 9. dxc5 $146 (9. O-O $16) ({Predecessor:} 9. O-O c4 10. Be2 a6 11. a4 Bb7 12. b3 Nxe5 13. Nxe5 Bd6 14. bxc4 b4 15. a5 O-O {1-0 (50) Kuzmin,K (2280)-Sciarretta,R (2270) LSS email 2014}) 9... Bxc5 $11 10. O-O {[%emt 0:00:34] And now b4 would win. White has an edge.} a6 11. Qb3 ({White should play} 11. Nxd7 $11 Qxd7 12. Qe2) 11... Nxe5 $15 12. Nxe5 Qd6 (12... Bd6 $5 13. f4 O-O $15) 13. Nf3 Bb7 14. Rd1 Qe7 15. Bd2 Ne4 16. Rac1 {[%emt 0:04:34] Threatens to win with Bxe4.} Bd6 17. Be2 O-O 18. Be1 h6 19. Qc2 Bd5 20. Qb1 f5 21. Bc3 f4 {[%emt 0:02:11] Strongly threatening ...fxe3.} 22. Bd4 Bb7 23. exf4 Bxf4 24. Be3 ({Better is} 24. Rc2 $15) 24... Bxe3 $19 25. fxe3 {[%emt 0:00:05] [#]} Ng5 $1 26. Rf1 Be4 {[%emt 0:02:17] Prevents Qc2.} 27. Bd3 (27. Qa1 $17) 27... Nxf3+ 28. gxf3 Bxf3 ({Not} 28... Qg5+ 29. Kh1 Bxf3+ 30. Rxf3 Rxf3 31. Bh7+ Kh8 32. Be4 $17) 29. Rxf3 Rxf3 30. Be4 (30. Bh7+ {was called for.} Kh8 31. Be4) 30... Qg5+ 31. Kh1 {[%emt 0:00:04] This move loses the game for White.} Raf8 {[%emt 0:02:13] ( -> ...Rf2)} 32. Bxf3 Rxf3 {[%emt 0:00:04][%mdl 4096] Endgame KQR-KQR} 33. Qe4 Rxe3 {[%emt 0:08:18] Active counter play!} 34. Rc8+ Kf7 35. Rc7+ {[%emt 0:00:20] [#]} Kf6 $1 ({Avoid the trap} 35... Kg8 $2 36. Rc8+ Kf7 37. Rc7+ Kf6 38. Qd4+ Qe5 39. Qxe5+ Kxe5 40. Ra7 $19) 36. Qd4+ Qe5 37. Qh4+ (37. Qxe5+ Rxe5 38. Rc2) 37... Kg6 38. Qg4+ Kh7 {[%emt 0:00:12] Weighted Error Value: White=0.48/Black=0.09 (flawless)} 0-1

[Event "Stare Mesto Open-A 2022"]
[Site "Stare Mesto"]
[Date "2022.08.13"]
[Round "2.5"]
[White "Murko, David"]
[Black "Zelba, Lukas"]
[Result "1-0"]
[ECO "C18"]
[WhiteElo "2213"]
[BlackElo "1945"]
[Annotator "TA"]
[PlyCount "35"]
[EventDate "2022.08.12"]
[EventType "swiss"]
[EventCountry "CZE"]
[SourceTitle "playchess.com"]
[Source "ChessBase"]
[SourceQuality "1"]
[TimeControl "40/5400+30:1800+30"]

1. e4 e6 2. d4 d5 3. Nc3 Bb4 4. e5 c5 5. a3 Bxc3+ 6. bxc3 Qc7 7. Qg4 cxd4 $2 {[%emt 0:12:51][%mdl 8192] 7...f6 is becoming the main line. C18: French: 3 Nc3 Bb4: Main line: 7 h4 and 7 Qg4.} (7... Kf8 $11) 8. Qxg7 $18 {[%emt 0:04:18] White is clearly winning.} Qxc3+ 9. Kd1 Qxa1 10. Qxh8 Kf8 11. Bd3 {[%emt 0:00:50] [#] Nf3 is the strong threat.} Nc6 12. Nf3 {[%emt 0:04:08] [#] Threatens to win with Ke2.} Bd7 $146 ({Predecessor:} 12... Nce7 13. Ng5 Bd7 14. Nxh7+ Ke8 15. Ke2 Qc3 16. Qg7 Kd8 17. Qxf7 Rc8 18. Re1 Bb5 19. Bxb5 Qxc2+ 20. Kf1 d3 21. Qxe6 Kc7 22. Qd6# {1-0 (22) Danko,J (1996)-Michelakis,E (1632) Rhodes 2015}) 13. Ke2 {[%emt 0:03:21] aiming for Bh6+.} Qc3 14. Bh6+ Ke7 15. Bg5+ {[%emt 0:00:09] A strong pair of Bishops.} Kf8 16. Bf6 {[%emt 0:00:23] [#] Intending Qg7+ and mate.} Nce7 17. Ng5 Ke8 18. Qxh7 {[%emt 0:02:52] Black did not feel at home in the position after the opening.  Weighted Error Value: White=0.08 (flawless) /Black=2.92} 1-0

[Event "Stare Mesto Open-A 2022"]
[Site "Stare Mesto"]
[Date "2022.08.13"]
[Round "2.7"]
[White "Skalsky, Alexandr"]
[Black "Kovarik, David"]
[Result "1-0"]
[ECO "B53"]
[WhiteElo "2187"]
[BlackElo "1741"]
[Annotator "ChessBase"]
[PlyCount "67"]
[EventDate "2022.08.12"]
[EventType "swiss"]
[EventCountry "CZE"]
[SourceTitle "playchess.com"]
[Source "ChessBase"]
[SourceQuality "1"]
[TimeControl "40/5400+30:1800+30"]

1. e4 c5 2. Nf3 d6 3. d4 cxd4 4. Qxd4 Nc6 5. Bb5 Bd7 6. Bxc6 bxc6 7. c4 e5 8. Qd3 Be7 9. Nc3 Nf6 10. O-O O-O 11. Rd1 Bg4 12. Bg5 Qb6 13. h3 Bh5 14. b3 Rfd8 15. g4 Bg6 16. Qe2 h6 17. Bxf6 Bxf6 18. Rd3 Rd7 19. Rad1 Rad8 20. R1d2 Qa5 21. Rb2 Rb7 22. Nd2 Bg5 23. Nf1 Bf4 24. Rc2 Qc7 25. f3 Qe7 26. Qf2 h5 27. Ne3 hxg4 28. hxg4 f6 29. Ng2 Bg5 30. Re2 Kf7 31. Re1 Rh8 32. Red1 Rd7 33. Qc5 Rhd8 34. Qxc6 1-0

[Event "Stare Mesto Open-A 2022"]
[Site "Stare Mesto"]
[Date "2022.08.13"]
[Round "2.8"]
[White "Neuman, Petr"]
[Black "Sramek, Ondrej"]
[Result "1-0"]
[ECO "A30"]
[WhiteElo "2378"]
[BlackElo "1985"]
[Annotator "TA"]
[PlyCount "85"]
[EventDate "2022.08.12"]
[EventType "swiss"]
[EventCountry "CZE"]
[SourceTitle "playchess.com"]
[Source "ChessBase"]
[SourceQuality "1"]
[TimeControl "40/5400+30:1800+30"]

1. c4 c5 2. Nf3 Nc6 3. Nc3 g6 4. e3 Bg7 5. d4 d6 6. Be2 Nf6 {[%emt 0:01:47] A35: Symmetrical English: 2 Nc3 Nc6 3 Nf3.} 7. d5 Nb8 8. e4 Nbd7 {[%emt 0:01:08] White is better.} 9. O-O O-O 10. Bg5 a6 11. a4 Qc7 {[%emt 0:09:01] [#]} 12. Qd2 $146 ({Predecessor:} 12. Re1 h6 13. Bh4 g5 14. Bg3 Nh5 15. Bd3 Nxg3 16. hxg3 Qa5 17. Qd2 Qb4 18. Reb1 {1-0 (41) Fernandes,E (1908)-Silva,M (1695) Braga 2006}) 12... Re8 13. Rfe1 {[%emt 0:03:21] White is more active.} Ng4 14. h3 Nge5 15. Nh2 Nf6 (15... f6 $16) 16. f4 (16. Bh6 $18) 16... Ned7 $16 17. Bf3 h6 18. Bh4 e5 (18... Nh7 $16 {was worth a try.} 19. a5 Qb8) 19. dxe6 $1 $18 Rxe6 20. Bf2 Rb8 21. g4 (21. Red1 $18) 21... b6 22. Nf1 Bb7 23. Ng3 Bc6 24. h4 b5 25. g5 {[%emt 0:00:14] [#] Threatens to win with axb5.} Nh7 26. axb5 axb5 27. cxb5 Bxb5 28. Rad1 hxg5 29. hxg5 Bc6 30. Bg4 Re7 (30... Nhf8 $16) 31. Qxd6 Qxd6 (31... Ndf8 {might work better.} 32. Qxc7 (32. Qxc5 Qxf4 33. Be2 Rc7 $17) (32. Bxc5 Rxb2 33. Nd5 Bxd5 $16) 32... Rxc7) 32. Rxd6 Rxb2 33. e5 ({Don't take} 33. Rxc6 Bxc3 34. Rd1 Rd2 35. Rxd2 Bxd2) 33... Rb3 $2 (33... Nb8 {is a better chance.} 34. Nge4 (34. Rd8+ Re8 $16) 34... Re8) 34. Rxc6 Rxc3 35. Ne4 Rc4 36. Bxd7 Rxd7 {[%emt 0:00:09] [#]} 37. Rc8+ $1 Bf8 38. Nf6+ ({Weaker is} 38. Bxc5 Rdd4 $18) 38... Nxf6 39. exf6 {[%emt 0:00:04] White mates.} Rxf4 40. Ree8 Rg4+ 41. Kh2 Rd2 42. Rxf8+ Kh7 43. Rh8# {[%emt 0:00:06] Weighted Error Value: White=0.09 (flawless) /Black=0.41} 1-0

[Event "Stare Mesto Open-A 2022"]
[Site "Stare Mesto"]
[Date "2022.08.14"]
[Round "3.1"]
[White "Haba, Petr"]
[Black "Murko, David"]
[Result "1/2-1/2"]
[ECO "B67"]
[WhiteElo "2453"]
[BlackElo "2213"]
[Annotator "TA"]
[PlyCount "91"]
[EventDate "2022.08.12"]
[EventType "swiss"]
[EventCountry "CZE"]
[SourceTitle "playchess.com"]
[Source "ChessBase"]
[SourceQuality "1"]
[TimeControl "40/5400+30:1800+30"]

1. e4 c5 2. Nf3 d6 3. d4 cxd4 4. Nxd4 Nf6 5. Nc3 Nc6 6. Bg5 e6 7. Qd2 a6 8. O-O-O Bd7 9. Kb1 b5 10. Nxc6 Bxc6 11. f3 Be7 12. Be3 {[%emt 0:07:43] B67: Sicilian: Richter-Rauzer: 7...a6 8 0-0-0 Bd7, lines without 9 f4 Be7.} O-O 13. Ne2 Qc7 14. Nd4 Bb7 15. g4 Nd7 {[%emt 0:07:36] [#]} 16. Bg2 $146 ({Predecessor:} 16. g5 Rfd8 17. h4 d5 18. g6 hxg6 19. h5 g5 20. h6 g6 21. Bxg5 Bxg5 22. Qxg5 {0-1 (49) Fercec,N (2490)-Jankovic,A (2569) Zagreb 2014}) 16... Ne5 17. Qe2 $1 d5 18. exd5 (18. f4 $5 Nc4 19. exd5 $11) 18... Bxd5 19. Nf5 Nc6 (19... Bxa2+ $17 20. Kxa2 exf5) 20. Nxe7+ $11 Qxe7 21. f4 Nb4 22. Bxd5 Nxd5 23. Bd4 Rfe8 24. Qf3 Nxf4 25. Bxg7 Kxg7 (25... e5 $5 26. Bh6 Qf6 27. Bxf4 exf4 $11) 26. Qxf4 Rad8 27. g5 e5 28. Qe3 Rd6 29. Rdf1 Red8 30. a3 Rd4 31. h4 Qc5 $1 {[%emt 0:00:24][%cal Od4d1] [#] Hoping for ...Rd1+!} 32. Qf3 {[%emt 0:02:14] Prevents Rd1+.} Rf4 33. Qe2 Rdd4 34. h5 ({But not} 34. Qh5 Qc6 $15) 34... h6 35. Qg2 Qd5 36. Qg1 Rxf1+ 37. Qxf1 {[%emt 0:00:01][%mdl 4096] Endgame KQR-KQR} Rf4 (37... hxg5 $2 38. h6+ Kg6 39. h7 Rd1+ 40. Qxd1 $18) 38. Qg1 Rd4 (38... Rf2 $5 ) 39. gxh6+ Kxh6 40. Qe3+ Kh7 41. Qe1 Qe4 42. Qf1 Qf4 43. Qe1 Qe4 44. Qf1 Qf4 (44... f5 $5 45. Qg1 f4 $17) 45. Qe1 Qe4 (45... Qf5 $11) 46. Qf1 {Weighted Error Value: White=0.11 (very precise) /Black=0.12 (very precise)} 1/2-1/2

[Event "Stare Mesto Open-A 2022"]
[Site "Stare Mesto"]
[Date "2022.08.14"]
[Round "3.2"]
[White "Husek, Martin"]
[Black "Cerveny, Martin"]
[Result "1-0"]
[ECO "B96"]
[WhiteElo "2132"]
[BlackElo "2396"]
[Annotator "TA"]
[PlyCount "82"]
[EventDate "2022.08.12"]
[EventType "swiss"]
[EventCountry "CZE"]
[SourceTitle "playchess.com"]
[Source "ChessBase"]
[SourceQuality "1"]
[TimeControl "40/5400+30:1800+30"]

1. e4 c5 2. Nf3 d6 3. d4 cxd4 4. Nxd4 Nf6 5. Nc3 a6 6. Bg5 e6 7. f4 Qc7 8. Qf3 {[%emt 0:00:59] 8.Bxf6 is more fashionable.} b5 9. Bxf6 gxf6 10. a3 {[%emt 0:00:08] B96: Sicilian Najdorf: 6 Bg5 e6 7 f4, lines other than 7...Qb6 and 7...Be7.} Bb7 11. O-O-O h5 12. f5 {[%emt 0:00:53] White is slightly better.} e5 13. Nb3 Nd7 14. Be2 Rc8 15. Kb1 h4 16. Rd3 Nb6 17. Na5 Ba8 18. Rhd1 {[%emt 0:00:37] [#]} Rg8 $146 ({Predecessor:} 18... Rd8 19. Qf2 Na4 20. Nb3 Rc8 21. Bf3 Nb6 22. Na5 Be7 {1-0 (43) Nemec,J (2240)-Cerveny,M (2411) Pardubice 2021}) 19. R3d2 (19. Nb3 $16) 19... Na4 ({Black should try} 19... Rd8 $14) 20. Nxa4 $16 Qxa5 21. Nc3 Rxc3 22. bxc3 (22. Qxc3 Qxc3 23. bxc3 Bxe4 $11) 22... Qxa3 23. Qe3 $1 {[%emt 0:01:00] Hoping for Qa7.} Qa5 $2 (23... Be7 24. Bf3 (24. Qa7 Bxe4 25. Qb8+ Kd7 $11) 24... Bb7) 24. Qa7 $18 {[%emt 0:05:45] Strongly threatening Bh5.} Bxe4 25. Bh5 (25. Bf3 Bxf3 26. gxf3 h3 27. Qa8+ Kd7 $18) 25... Be7 26. Rxd6 {[%emt 0:03:14] White threatens Qb8+ and mate.} Bxc2+ 27. Kb2 {[%emt 0:02:35] White wants to mate with Qa8+.} (27. Kxc2 Qa2+ 28. Kd3 (28. Kc1 $2 Bxd6 29. Bxf7+ Qxf7 $19) 28... Qc4+ 29. Kd2 Kf8 $16) 27... Bxd1 28. Qa8+ Bd8 29. Rxd1 $2 (29. Qc6+ $1 $18 Kf8 30. Bxf7) 29... b4 $2 (29... Qc7 $11) 30. Qc6+ $1 (30. cxb4 Qxb4+ 31. Kc2 Qc5+ 32. Kb3 Ke7 $17) 30... Kf8 {[%emt 0:00:06] [#]} 31. Bxf7 $1 {[%emt 0:01:09][%mdl 512] Intending Qe8+ and mate. Really sharp!} Rh8 (31... Kxf7 32. Rd7+ Be7 33. Qe6+ Kg7 34. Rxe7+ Kh6 35. Qxf6+ (35. Qxg8 bxc3+ 36. Kc2 Qa4+ 37. Kxc3 Qd4+ 38. Kc2 Qf2+ 39. Kd3 Qd4+ 40. Ke2 Qe4+ 41. Kf1 Qf4+ 42. Kg1 Qe3+ 43. Kf1 Qf4+ 44. Ke2 Qe4+ 45. Kf2 Qf4+ 46. Kg1 Qe3+ 47. Kf1 Qf4+ $11) 35... Kh5 36. Rh7+ Kg4 37. Rxh4#) (31... bxc3+ 32. Kc2) 32. Qd7 $2 $40 {[%emt 0:07:31][%mdl 128] White wants a kill.} (32. cxb4 $18 Qb6 33. Qd7 Qf2+ 34. Ka3) 32... Qa3+ $16 33. Kb1 $2 {[%emt 0:01:21] [#] White is much more active.} (33. Kc2 $16 {Black must now prevent Bb3.} Qxc3+ 34. Kb1) 33... b3 $1 34. Rd2 $18 Be7 35. Bc4 {[%emt 0:01:40] Qe6 would kill now.} Kg7 36. Qe6 (36. Qd5 $142 Rf8 37. Qf3 Rh8 38. Qg4+ Kf8 39. Qg6 Qc1+ 40. Kxc1 Ba3+ 41. Kd1 Rh7 42. Qxf6+ Ke8 43. Qd8#) 36... Rf8 37. Bxb3 {[%emt 0:00:16] And now Qc4 would win.} Kh6 (37... Rb8 {leads to mate.} 38. Qf7+ Kh8 39. Qh5+ Kg7 40. Qg6+ Kh8 41. Qh6#) (37... a5 $142 38. Rd7 Kh6) 38. Qc4 e4 39. Rb2 ({Weaker is} 39. Ra2 Qc5 40. Qxe4 Qg1+ 41. Kc2 Qf2+ 42. Kc1 Re8 $16) 39... Rb8 40. Qf7 Kg5 41. g3 e3 {Weighted Error Value: White=0.73/Black=1.02} 1-0

[Event "Stare Mesto Open-A 2022"]
[Site "Stare Mesto"]
[Date "2022.08.14"]
[Round "3.3"]
[White "Babula, Vlastimil"]
[Black "Skalsky, Alexandr"]
[Result "1-0"]
[ECO "B06"]
[WhiteElo "2571"]
[BlackElo "2187"]
[Annotator "TA"]
[PlyCount "75"]
[EventDate "2022.08.12"]
[EventType "swiss"]
[EventCountry "CZE"]
[SourceTitle "playchess.com"]
[Source "ChessBase"]
[SourceQuality "1"]
[TimeControl "40/5400+30:1800+30"]

1. e4 g6 2. d4 Bg7 3. Nc3 d6 4. Be3 a6 5. Qd2 b5 6. h4 {[%emt 0:05:11][%cal Bh2h4,Bh4h5][%mdl 32] B06: Modern Defence.} h6 (6... Nf6 $11) 7. f3 Nd7 8. h5 {[%emt 0:10:25] And now hxg6 would win. White is more active. White is slightly better.} g5 $1 9. a4 b4 {[%emt 0:00:06] [#]} 10. Nce2 $146 ({Predecessor:} 10. Nd1 c5 11. c3 bxc3 12. bxc3 Ngf6 13. Ne2 Qa5 14. Ng3 Nb6 15. Bd3 Bd7 16. d5 {0-1 (68) Logdahl,H (2269)-Cramling,D (2321) Eskilstuna 2019}) 10... c5 11. Ng3 Qc7 12. N1e2 (12. c3 $11) 12... Bb7 (12... e6 $15) 13. Kf2 (13. Nf5 $11 Bf8 14. dxc5 dxc5 15. O-O-O) 13... e6 $15 14. c3 bxc3 15. bxc3 Ne7 16. f4 gxf4 17. Nxf4 Nf6 ({Black should try} 17... Rg8 $17) 18. Rh4 $1 $11 e5 (18... Rg8 $15) 19. dxe5 $14 dxe5 20. Nd3 Rd8 21. Qe2 Nd7 {[%emt 0:03:56] [#]} (21... O-O $11 {remains equal.}) 22. Kg1 $1 $16 Bf6 (22... Bc8 $16) 23. Rg4 $18 Bc8 24. Qf2 Qc6 25. Be2 {[%emt 0:04:56] Hoping for Rf1.} Bg5 $2 {[%emt 0:07:39] This costs Black the game.} (25... Nb6 $16 26. Rf1 (26. Nxc5 Bxg4 27. Bxa6 Nxa4 $11) 26... Bxg4 27. Nxe5 Bxe5 28. Qxf7+ Kd7 29. Bxg4+ Kc7 30. Qxe7+ Nd7 31. Bxd7 Qd6 32. Qxd6+ Bxd6) 26. Bxg5 hxg5 27. Rxg5 f6 {[%emt 0:04:54] [#]} 28. Rf1 $1 Rh7 {[%emt 0:05:27] [#]} (28... c4 29. Nb4) 29. Bg4 $1 Qd6 30. Nf5 Qxd3 31. Ng7+ Rxg7 32. Rxg7 {[%emt 0:00:02] Threatening mate with h6.} Qd6 33. Bxd7+ Kxd7 34. h6 Rh8 35. Qh4 {[%emt 0:00:52] h7 is the strong threat.} Qd2 36. Rxf6 {[%emt 0:00:48][%cal Og7e7] Rxe7+! would kill now.} Kd8 {[%emt 0:00:29] [#]} 37. Rf8+ $3 Kc7 38. Rxe7+ {[%emt 0:00:19] Weighted Error Value: White=0.20 (precise) /Black=0.65} 1-0

[Event "Stare Mesto Open-A 2022"]
[Site "Stare Mesto"]
[Date "2022.08.14"]
[Round "3.4"]
[White "Lojek, Marek"]
[Black "Neuman, Petr"]
[Result "0-1"]
[ECO "B13"]
[WhiteElo "2142"]
[BlackElo "2378"]
[Annotator "TA"]
[PlyCount "102"]
[EventDate "2022.08.12"]
[EventType "swiss"]
[EventCountry "CZE"]
[SourceTitle "playchess.com"]
[Source "ChessBase"]
[SourceQuality "1"]
[TimeControl "40/5400+30:1800+30"]

1. e4 c6 2. d4 d5 3. exd5 cxd5 4. c4 Nf6 5. Nc3 Be6 6. Nf3 dxc4 7. Ne5 Nbd7 {[%emt 0:04:47] D21: Queen's Gambit Accepted: 3 Nf3 sidelines.} (7... Nc6 $11) 8. Nxc4 $14 Nd5 9. Ne3 {[%emt 0:08:07] [#]} Nxc3 $146 {[%emt 0:12:40] White has an edge.} ({Don't do} 9... Qa5 10. Bd2 Nxe3 11. fxe3 $16) ({Predecessor:} 9... Qa5 10. Bd2 Nxe3 11. fxe3 g6 12. Qf3 Bg7 13. Bb5 O-O 14. O-O Rab8 15. Rad1 Nf6 {0-1 (47) Hala,B (2264)-Sedy,P (2175) Czech Republic 2010}) 10. bxc3 Nf6 {[%emt 0:00:27] Against d5} 11. d5 (11. Be2 $16) 11... Bd7 12. c4 e5 13. Be2 Bb4+ 14. Bd2 Qa5 (14... Bc5 $11) 15. f3 b6 16. Rb1 Bxd2+ 17. Qxd2 Qc5 18. O-O O-O 19. Kh1 Ne8 20. Ng4 Bxg4 21. fxg4 Nd6 22. Rbc1 Rac8 23. Qe1 Rc7 {[%emt 0:04:05] Black is more active.} 24. Rc3 {[%emt 0:04:44] [#]} (24. g5 $17) 24... Qa5 (24... b5 $1 $19 {[%cal Rb5c4] is more deadly.} 25. Bd1 bxc4 26. Qxe5 Re8) 25. Bd3 (25. Rh3 $142) 25... e4 $1 $17 26. Bb1 Rxc4 (26... g6 $19 {...Re8 is the strong threat.} 27. g5 Re8) 27. Rxc4 $15 Qxe1 28. Rxe1 Nxc4 29. Bxe4 $19 {[%emt 0:02:19][%mdl 4096] Endgame KRB-KRN} Nd6 {[%emt 0:00:06] Hoping for ...Re8.} 30. Bf3 Rc8 31. Kg1 Kf8 {[%emt 0:00:07] Prevents Re7.} 32. Re2 {[%emt 0:01:40] Inhibits Rc2.} f6 (32... h6 $17) 33. Re6 Nf7 34. d6 {[%emt 0:04:39] [#]} ({Only move:} 34. Kf2 $1 $15) 34... Re8 $1 $17 35. Rxe8+ Kxe8 {[%emt 0:00:03] KB-KN} 36. Be4 g6 ({Reject} 36... Nxd6 $6 37. Bxh7 Kf7 38. Bc2 $11) 37. h4 (37. Bc6+ $17 Kd8 38. Bd5 Nxd6 39. Kf2) 37... Nxd6 38. Bd3 Ke7 39. Kf2 Ke6 40. Kf3 Ke5 41. g3 $2 (41. h5) 41... b5 $19 42. h5 gxh5 {[%emt 0:00:36] Black is clearly winning.} 43. Bxh7 (43. gxh5 $142 h6 44. Bf1) 43... hxg4+ 44. Kxg4 a5 {[%emt 0:01:30][%cal Ba7a5,Ba5a4,Ba4a3][%mdl 32] Threatens to win with ...a4.} 45. Kf3 a4 {[%emt 0:04:56] Strongly threatening ...Kd4.} 46. Ke2 Kd4 47. g4 b4 48. Bc2 {[%emt 0:01:58] Inhibits b3.} Ne4 {[%emt 0:02:10] ( -> ...a3)} 49. Kf3 Nc5 50. Kf4 a3 {[%emt 0:00:06] aiming for ...Kc3.} 51. Kf5 Kc3 {[%emt 0:00:14] Weighted Error Value: White=0.80/Black=0.20 (precise)} 0-1